 Dungeon Crawl Stone Soup version 0.16-a0-1167-g3157814 (webtiles) character file.

39 Kashira the Skirmisher (level 3, -1/30 HPs)
             Began as a Vine Stalker Berserker on Oct 9, 2014.
             Was a Believer of Trog.
             Slain by an adder (2 damage)
             ... on level 2 of the Dungeon.
             The game lasted 00:01:56 (841 turns).

Kashira the Skirmisher (Vine Stalker Berserker)      Turns: 841, Time: 00:01:57

Health: -1/30      AC:  2    Str: 25    XL:     3   Next: 47%
Magic:  0/4        EV: 12    Int:  7    God:    Trog [**....]
Gold:   56         SH:  0    Dex: 13    Spells: 0 memorised, 2 levels left

rFire  . . .     SeeInvis .     a - +0 hand axe
rCold  . . .     Clarity  .     b - +0 animal skin
rNeg   . . .     SustAb   .     (no shield)
rPois  .         Gourm    .     (no helmet)
rElec  .         Spirit   +     (no cloak)
rCorr  .         Warding  .     (no gloves)
rMut   .         Stasis   .     (no boots)
MR     ++...                    (no amulet)
Stlth  ..........               (no ring)
                                (no ring)

@: berserking, lethally poisoned, regenerating, very quick, very resistant to
hostile enchantments, extremely unstealthy
A: fangs 2, regeneration 1, magic shield, antimagic bite, no device heal 3, rot
immunity
a: Burn Spellbooks, Berserk, Trog's Hand, Renounce Religion


You were on level 2 of the Dungeon.
You worshipped Trog.
Trog was pleased with you.
You were not hungry.

You visited 1 branch of the dungeon, and saw 2 of its levels.

You collected 56 gold pieces.

Inventory:

Hand weapons
 a - a +0 hand axe (weapon)
Armour
 b - a +0 animal skin (worn)
Comestibles
 c - a bread ration
Scrolls
 d - a scroll of blinking {unknown}
 e - 2 scrolls of identify {unknown}
 f - a scroll of fog {unknown}
 h - a scroll of teleportation {unknown}
 j - a scroll of recharging {unknown}
Potions
 g - a potion of haste {unknown}
Books
 i - a book of Unlife

   Spells                             Type                      Level
   Recall                             Summoning/Translocation      3
   Animate Dead                       Necromancy                   4
   Control Undead                     Necromancy                   4
   Twisted Resurrection               Necromancy                   5
   Death Channel                      Necromancy                   6
   Simulacrum                         Ice/Necromancy               6
   Trog disapproves of the use of such an item.


   Skills:
 + Level 3.1 Fighting
 + Level 3.1 Axes
 + Level 1.7 Armour
 + Level 2.1 Dodging


You had 2 spell levels left.
You didn't know any spells.

Dungeon Overview and Level Annotations

Branches:
Dungeon (2/15)

Altars:
Ashenzari
Dithmenos
Vehumet


Innate Abilities, Weirdness & Mutations

You have extremely sharp teeth.
Your natural rate of healing is unusually fast.
When hurt, damage is shared between your health and your magic reserves.
Your bite disrupts and absorbs the magic of your enemies.
Potions and wands cannot restore your health.
You are immune to rotting.


Message History

* * * LOW HITPOINT WARNING * * *
You are more poisoned.
The adder poisons you!
You barely miss the adder.
The adder is severely wounded.
You hit the adder but do no damage.
The adder is moderately wounded.
You feel sick. The adder bites you.
* * * LOW HITPOINT WARNING * * *
The adder closely misses you. The adder bites you.
You are more poisoned.
The adder poisons you!
Use which ability? (? or * to list)
A red film seems to cover your vision as you go berserk!
You feel yourself moving faster!
You feel mighty!
You feel somewhat more hungry.
You feel sick. The adder bites you.
* * * LOW HITPOINT WARNING * * *
You are more poisoned.
The adder poisons you! The adder bites you.
You die...

#.........#
#......#
#####.....#
######.#
#.....# ###..
#.....# #.##.
#.....# #.##.
#####.....#
#....
..........###
#.#..
.#..##........#
##.#..
.......S@.....#
#...##
.#..#..S......#
#...##
#.........#
#...##
#.........#
##....
###.#######
##... ... #.#.
### #.## #.##
#...


You could see 2 adders.

Vanquished Creatures
  A giant gecko (D:1)
  A ball python (D:2)
  6 hobgoblins
  6 jackals (D:2)
  3 bats
  2 giant newts (D:1)
  8 goblins
  A kobold (D:2)
  2 quokkas (D:2)
  7 rats
37 creatures vanquished.

Notes
Turn   | Place    | Note
--------------------------------------------------------------
     0 | D:1      | Kashira, the Vine Stalker Berserker, began the quest for the Orb.
     0 | D:1      | Reached XP level 1. HP: 11/11 MP: 1/1
   296 | D:1      | Reached XP level 2. HP: 16/16 MP: 3/3
   435 | D:1      | Acquired Trog's second power
   435 | D:1      | Reached skill level 3 in Axes
   514 | D:2      | Reached XP level 3. HP: 16/20 MP: 4/4
   592 | D:2      | Found a shattered altar of Ashenzari.
   595 | D:2      | Found a shadowy altar of Dithmenos.
   598 | D:2      | Found a radiant altar of Vehumet.
   841 | D:2      | HP: 1/30 [adder (2)]
   841 | D:2      | Slain by an adder

Action                   || total
-------------------------++-------
Melee: Hand axe          ||    90
Invok: Berserk           ||     1
       Trog's Hand       ||     1
